 Dungeon Crawl Stone Soup version 0.29-a0-284-gf9362112df (webtiles) character file.

Game seed: 16657958197106808815

2590 AttackTheMoon the Ducker (level 9, 49/68 HPs)
             Began as a Djinni Monk on Jan 11, 2022.
             Quit the game on level 7 of the Dungeon on Mar 14, 2022.
             The game lasted 00:15:22 (8659 turns).

AttackTheMoon the Ducker (Djinni Monk)              Turns: 8659, Time: 00:15:23

Health: 49/68      AC:  6    Str: 10    XL:     9   Next: 89%
Gold:   406        EV: 16    Int: 16    God:
                   SH:  0    Dex: 16

rFire   + + +      SeeInvis .   a - +2 falchion (protect)
rCold   x . .      Faith    .   (no shield)
rNeg    + . .      Spirit   .   b - +1 robe
rPois   ∞          Reflect  .   (no helmet)
rElec   .          Harm     .   (no cloak)
rCorr   .          Rampage  .   n - +2 pair of gloves
Will    .....                   (boots unavailable)
Stlth   ++........              (no amulet)
HPRegen 0.21/turn               l - ring of positive energy
MPRegen 0.00/turn               u - ring of protection from fire

@: flying, studying Short Blades
A: sickness immunity, fire resistance 2, cold vulnerability 1, float, innate
caster, HP casting, extra vitality 1
a: no special abilities


You were on level 7 of the Dungeon.
You visited 1 branch of the dungeon, and saw 7 of its levels.

You collected 406 gold pieces.

Inventory:

Hand Weapons
 a - a +2 falchion of protection (weapon)
Armour
 b - a +1 robe (worn)
 j - a +0 leather armour
 n - a +2 pair of gloves (worn)
Jewellery
 k - a ring of ice
 l - a ring of positive energy (left hand)
 r - a ring of resist corrosion
 u - a ring of protection from fire (right hand)
Scrolls
 e - a scroll of magic mapping
 f - 3 scrolls of enchant armour
 i - a scroll of summoning
 m - 2 scrolls of teleportation
 s - a scroll of fog
Potions
 c - a potion of mutation
 d - a potion of resistance
 g - 2 potions of curing
 h - 2 potions of lignification
 o - a potion of attraction {unknown}
 p - a potion of degeneration {unknown}
 q - a potion of magic {unknown}
 t - a potion of heal wounds {unknown}


   Skills:
 + Level 7.0 Fighting
 + Level 6.4 Long Blades
 + Level 7.7 Dodging
 - Level 1.5 Stealth
 + Level 4.6 Spellcasting


You had 8 spell levels left.
You knew the following spells:

 Your Spells              Type           Power      Damage    Failure   Level
a - Slow                  Hex            72%        N/A       2%          1
b - Poisonous Vapours     Pois/Air       36%        N/A       3%          2
c - Spider Form           Tmut/Pois      18%        N/A       7%          3
d - Ignite Poison         Fire/Tmut/Pois 18%        N/A       7%          3
Your spell library was empty.

Dungeon Overview and Level Annotations

Branches:
Dungeon (7/15)             Temple (0/1) D:7

Altars:


Innate Abilities, Weirdness & Mutations

You are immune to sickness and miasma.
You are immune to poison.
Your flesh is very heat resistant. (rF++)
You are vulnerable to cold. (rC-)
You float through the air rather than walking.
You learn spells naturally, not from books.
Your magical power is your life essence.
You have superior vitality. (+4 MHP)


Message History

A kobold comes into view. It is wielding a +0 short sword.
A kobold is nearby!
A kobold is nearby!
Poisonous vapours surround the kobold!
The kobold is poisoned.
The kobold throws a stone.
The stone misses you.
Poisonous vapours surround the kobold!
The kobold looks even sicker.
The kobold throws a stone.
The stone hits you but does no damage.
You ignite the poison in your surroundings!
The kobold seems to burn from within!!
You kill the kobold!
As you read the scroll of enchant weapon, it crumbles to dust.
Your +1 falchion of protection glows red for a moment.
A kobold comes into view. It is wielding a +0 short sword.
A kobold is nearby!
A kobold is nearby!
You can't see any susceptible monsters within range! (Use Z to cast anyway.) Poisonous vapours surround the kobold!
The kobold is poisoned.
The kobold shouts!
A kobold comes into view. It is wielding a +0 short sword.
A kobold brigand comes into view.
It is wielding a +0 short sword and quivering curare-tipped darts.
Poisonous vapours surround the kobold brigand!
The kobold brigand is poisoned.
The kobold shouts!
A kobold comes into view. It is wielding a +3 antimagic dagger.
A kobold comes into view. It is wielding a +0 whip.
You ignite the poison in your surroundings!
The kobold seems to burn from within!!
You kill the kobold!
The kobold brigand seems to burn from within!
The kobold brigand is heavily wounded.
The kobold shouts!
The kobold brigand throws a curare-tipped dart.
The curare-tipped dart hits you.
You see here a killer bee corpse.
You see here a killer bee corpse.
Save game and exit?
Welcome back, AttackTheMoon the Djinni Monk.
Press ? for a list of commands and other information.
Okay, then.
Are you sure you want to abandon this character and quit the game? (Confirm with "yes".)

.### ##...## ...## #.....#
..# #...### ##.....## .....#
###...## #.......# .....#
##...###.....### .....
###......#### ##.....
##...### ###...#
###...######...[# . #####
##....?†@†....# #..
###...####...#####....##.).)
#.......#.)### ##..K...KK.
..........## ##..K.)..)
........### ##.......
.......## #...... .......#
...##. ......## ...# ......#
..#


You could see 2 kobolds.

Vanquished Creatures
  Pikel (D:7)
  3 water moccasins
  An orc warrior (D:6)
  A black bear (D:5)
  A necrophage (D:4)
  3 sky beasts
  A centaur (D:6)
  A phantom (D:5)
  A lemure (D:7)
  A kobold brigand (D:6)
  2 bullfrogs
  3 scorpions
  A wyvern skeleton (D:6)
  8 killer bees (D:7)
  3 hounds
  A bullfrog zombie (D:4)
  A jelly (D:5)
  2 iguanas
  A hound skeleton (D:5)
  7 adders
  An ufetubus (D:6)
  An adder zombie (D:5)
  An adder skeleton (D:4)
  3 dart slugs
  12 orcs
  6 endoplasms
  A giant cockroach (D:4)
  18 hobgoblins
  2 quokkas
  3 ball pythons
  10 bats
  A frilled lizard (D:3)
  10 goblins
  10 kobolds
  3 rats
125 creatures vanquished.

Vanquished Creatures (collateral kills)
  3 orcs (D:3)
  A bat (D:3)
4 creatures vanquished.

Vanquished Creatures (others)
  A fungus (D:2)
  A plant (D:2)
2 creatures vanquished.

Grand Total: 131 creatures vanquished

Notes
Turn   | Place    | Note
-------+----------+-------------------------------------------
     0 | D:1      | AttackTheMoon the Djinni Monk began the quest for the Orb.
     0 | D:1      | Reached XP level 1. HP: 20/20 MP: 0/0
   231 | D:1      | Reached XP level 2. HP: 18/25 MP: 0/0
   913 | D:1      | Reached XP level 3. HP: 30/30 MP: 0/0
   913 | D:1      | Learned a level 1 spell: Slow
  1541 | D:2      | Found a faded altar of an unknown god.
  1639 | D:2      | Reached skill level 1 in Spellcasting
  1883 | D:2      | Reached XP level 4. HP: 33/35 MP: 0/0
  3233 | D:3      | Reached XP level 5. HP: 41/41 MP: 0/0
  3233 | D:3      | Learned a level 2 spell: Poisonous Vapours
  4387 | D:5      | Entered Level 5 of the Dungeon
  4393 | D:5      | Reached XP level 6. HP: 43/47 MP: 0/0
  4517 | D:5      | Noticed a water moccasin
  4528 | D:5      | Killed a water moccasin
  4582 | D:5      | Reached XP level 7. HP: 21/53 MP: 0/0
  4582 | D:5      | Learned a level 3 spell: Spider Form
  4830 | D:5      | Reached skill level 5 in Dodging
  5013 | D:5      | Upgraded the game from 0.28-a0-1447-ga5a8893891 to
                  | 0.28-a0-1493-g08698888e4
  5025 | D:4      | Upgraded the game from 0.28-a0-1493-g08698888e4 to
                  | 0.28-a0-1506-g3893175d92
  5030 | D:5      | Noticed a water moccasin
  5264 | D:5      | Killed a water moccasin
  5265 | D:5      | Reached skill level 5 in Fighting
  5345 | D:5      | Reached XP level 8. HP: 16/59 MP: 0/0
  5959 | D:5      | Upgraded the game from 0.28-a0-1506-g3893175d92 to
                  | 0.28-a0-1518-gbe868bca14
  5992 | D:5      | Reached skill level 5 in Long Blades
  6909 | D:6      | Reached XP level 9. HP: 27/66 MP: 0/0
  6909 | D:6      | Learned a level 3 spell: Ignite Poison
  6911 | D:6      | Upgraded the game from 0.28-a0-1518-gbe868bca14 to
                  | 0.28-a0-1638-g9123634e07
  7916 | D:6      | Upgraded the game from 0.28-a0-1638-g9123634e07 to
                  | 0.29-a0-233-g1125b37a9b
  8043 | D:7      | Found a staircase to the Ecumenical Temple.
  8205 | D:7      | Noticed Pikel
  8222 | D:7      | Killed Pikel
  8659 | D:7      | Upgraded the game from 0.29-a0-233-g1125b37a9b to
                  | 0.29-a0-284-gf9362112df
  8659 | D:7      | Quit the game

Illustrated notes

Levels and vault maps discovered:
D:1:      amcnicky_arrival_blooded_trapdoor, layout_loops_ring, minivault_14,
          minmay_door_square
D:2:      layout_loops_ring, shapermc_ecumenical_altar_mp_urbaneastern,
          minmay_fractal_squares_gapless_5
D:3:      layout_basic
D:4:      layout_loops_ring
D:5:      layout_loops_ring, minmay_manual_monstrance
D:6:      layout_basic
D:7:      layout_cave_pods, minmay_temple_entry_trees, uniq_pikel, uniq_harold

Skill      XL: |  1  2  3  4  5  6  7  8  9 |
---------------+----------------------------+-----
Long Blades    | 3 4 5 6 |  6.4
Spellcasting   | 1 2 3 4 |  4.6
Dodging        | 4 5 6 7 |  7.7
Fighting       | 4 5 6 7 |  7.0
Stealth        | |  1.5

Action                   |  1- 3 |  4- 6 |  7- 9 || total
-------------------------+-------+-------+-------++-------
Melee: Falchion          |   103 |   160 |   166 ||   429
       Punch             |       |     4 |     2 ||     6
       Unarmed           |       |       |    30 ||    30
 Cast: Slow              |     4 |    11 |     3 ||    18
       Spider Form       |       |       |     3 ||     3
       Poisonous Vapours |       |       |    74 ||    74
       Ignite Poison     |       |       |     5 ||     5
Evoke: Wand              |       |       |    10 ||    10
  Use: Scroll            |     3 |    14 |     4 ||    21
       Potion            |       |     2 |       ||     2
 Stab: Sleeping          |     3 |     4 |     1 ||     8
       Paralysed         |       |       |    14 ||    14
Armor: Robe              |    20 |    44 |    64 ||   128
       Skin              |       |       |     1 ||     1
Dodge: Dodged            |    73 |   136 |   191 ||   400

Table legend: (Time is in decaauts)
 A = Elapsed time spent in this place.
 B = Non-inter-level travel time spent in this place.
 C = Inter-level travel time spent in this place.
 D = Time resting spent in this place.
 E = Time spent auto-exploring this place.
 F = Levels seen in this place.
 G = Mean time per level.
                   A        B        C        D        E       F      G
               +--------+--------+--------+--------+--------+-----+--------+
         Total |   8681 |   8525 |    156 |   1018 |   6224 |   7 | 1240.1 |
       Dungeon |   8681 |   8525 |    156 |   1018 |   6224 |   7 | 1240.1 |
               +--------+--------+--------+--------+--------+-----+--------+

Top non-repeatable levels by time:
     D:6: 1699 daAuts
     D:5: 1628 daAuts
     D:3: 1391 daAuts
     D:1: 1345 daAuts
     D:4: 1059 daAuts
     D:2: 843 daAuts
     D:7: 713 daAuts
